 Dungeon Crawl Stone Soup version 0.30-a0-723-gc1506a1cf0 (webtiles) character file.

Game seed: 16171314896490445571

116 jimonade the Sneak (level 5, -5/26 HPs)
             Began as a Vine Stalker Brigand on Jan 28, 2023.
             Succumbed to a kobold's poison
             ... in a sewer.
             The game lasted 00:05:37 (2672 turns).

jimonade the Sneak (Vine Stalker Brigand)           Turns: 2672, Time: 00:05:37

Health: -5/26      AC:  3    Str: 14    XL:     5   Next: 1%
Magic:  6/6        EV: 11    Int: 11    God:
Gold:   45         SH:  0    Dex: 17    Spells: 4/4 levels left

rFire   . . .      SeeInvis .    a - +2 dagger
rCold   . . .      Faith    .    (no shield)
rNeg    . . .      Spirit   +    b - +0 robe
rPois   .          Reflect  .    (no helmet)
rElec   .          Harm     .    c - +0 cloak
rCorr   .          Rampage  .    (no gloves)
Will    .....                    (no boots)
Stlth   ++                       (no amulet)
HPRegen 1.04/turn                (no ring)
MPRegen 0.10/turn                (no ring)

@: lethally poisoned (-5 -> -22), very slow
A: fangs 2, regeneration 1, magic shield, antimagic bite, no potion heal 2
a: no special abilities


You were in a sewer.
You visited 1 branch of the dungeon, and saw 3 of its levels.
You also visited: Sewer.

You collected 45 gold pieces.

Inventory:

Hand Weapons
 a - a +2 dagger (weapon)
 f - a +0 sling
 x - a +0 spear
Missiles
 d - a poisoned dart (quivered)
 e - 3 curare-tipped darts
 l - 2 throwing nets
 n - 3 atropa-tipped darts
 v - 4 boomerangs
 w - 41 stones
Armour
 b - a +0 robe (worn)
 c - a +0 cloak (worn)
 k - a +0 leather armour
 t - a +0 chain mail
Scrolls
 g - a scroll of poison {unknown}
 h - a scroll of noise {unknown}
 i - 3 scrolls of fog {unknown}
 m - 3 scrolls of teleportation {unknown}
 o - a scroll of immolation {unknown}
 q - a scroll of acquirement {unknown}
 r - a scroll of magic mapping {unknown}
 u - 2 scrolls of identify {unknown}
Potions
 j - 2 potions of haste {unknown}
 p - a potion of cancellation {unknown}
 s - a potion of degeneration {unknown}


   Skills:
 - Level 1.7 Fighting
 * Level 2.9 Short Blades
 - Level 1.7 Throwing
 - Level 0.7 Dodging
 + Level 7.0 Stealth


You had 4 spell levels left.
You didn't know any spells.
Your spell library contained the following spells:

 Spells                   Type           Power      Damage    Failure   Level
 Stone Arrow              Conj/Erth      0%         3d7       71%         3
 Animate Armour           Summ/Erth      0%         N/A       98%         4
 Lehudib's Crystal Spear  Conj/Erth      0%         10d2      100%        8


Dungeon Overview and Level Annotations

Branches:
Dungeon (3/15)              Sewer (1/1)

Altars:


Innate Abilities, Weirdness & Mutations

You have extremely sharp teeth.
Your natural rate of healing is unusually fast.
When hurt, damage is shared between your health and your magic reserves.
Your bite disrupts and absorbs the magic of your enemies.
Potions cannot restore your health.


Message History

Throw: 5 darts (poison)
Press: ? - help, Q - select action, (/) - cycle Shift-Dir - straight line, f - kobold brigand, p - kobold brigand
Aim: a kobold brigand, wielding a +2 whip of electrocution and quivering poisoned darts (51% to hit)
You throw a poisoned dart.
The poisoned dart closely misses the kobold brigand.
You hear a splash.
You feel sick.
The kobold brigand throws a poisoned dart.
The poisoned dart hits you!
You are more poisoned.
Throw: 4 darts (poison)
Press: ? - help, Q - select action, (/) - cycle Shift-Dir - straight line, f/p - kobold brigand
Aim: a kobold brigand, wielding a +2 whip of electrocution and quivering poisoned darts (51% to hit)
You throw a poisoned dart.
The poisoned dart closely misses the kobold brigand.
You hear a splash.
You feel very sick.
The kobold throws a poisoned dart.
The poisoned dart hits you!
You are more poisoned.
Throw: 3 darts (poison)
Press: ? - help, Q - select action, (/) - cycle Shift-Dir - straight line, f/p - kobold brigand
Aim: a kobold brigand, wielding a +2 whip of electrocution and quivering poisoned darts (51% to hit)
You throw a poisoned dart.
The poisoned dart hits the kobold brigand.
You hear a splash.
You feel very sick.
Throw: 2 darts (poison)
Press: ? - help, Q - select action, (/) - cycle Shift-Dir - straight line, f/p - kobold brigand
Aim: a kobold brigand, wielding a +2 whip of electrocution and quivering poisoned darts (51% to hit)
You throw a poisoned dart.
The poisoned dart hits the kobold brigand.
You feel very sick.
The kobold brigand throws a poisoned dart.
The poisoned dart hits you!
You are lethally poisoned!
The kobold throws a poisoned dart.
The poisoned dart hits you!
You are more poisoned.
* * * LOW HITPOINT WARNING * * *
You feel extremely sick.
You die...

#≈≈≈≈≈≈≈≈≈≈≈≈≈≈≈≈≈≈≈≈≈~.KK
#≈≈≈≈≈~~~~≈~~~~~~~≈≈≈~.#
#######.......~.~~~~~~.#
#######~~.~.h~K..#
##~######### #~# #~# #~#
#@# #~# #~# #~# #~# #~#
#~# #~# #~#


There were no monsters in sight!

Vanquished Creatures
  2 gnolls (D:2)
  An adder (D:2)
  A worm (D:2)
  2 dart slugs
  4 ball pythons
  3 endoplasms (D:1)
  7 giant cockroaches
  5 goblins
  8 hobgoblins
  7 jackals
  11 kobolds
  8 quokkas
  4 bats
  3 frilled lizards
  6 rats
72 creatures vanquished.

Vanquished Creatures (others)
  5 plants (D:2)
5 creatures vanquished.

Grand Total: 77 creatures vanquished

Notes
Turn   | Place    | Note
-------+----------+-------------------------------------------
     0 | D:1      | jimonade the Vine Stalker Brigand began the quest for the
                  | Orb.
     0 | D:1      | Reached XP level 1. HP: 11/11 MP: 2/2
   128 | D:1      | Reached skill level 5 in Stealth
   149 | D:1      | Reached XP level 2. HP: 3/15 MP: 3/3
   872 | D:1      | Reached XP level 3. HP: 18/18 MP: 4/4
   957 | D:1      | Reached skill level 6 in Stealth
  1449 | D:2      | Gained mutation: Your natural rate of healing is unusually
                  | fast. [Vine Stalker growth]
  1449 | D:2      | Reached XP level 4. HP: 23/23 MP: 5/5
  2433 | D:3      | Found a glowing drain.
  2472 | D:3      | Reached skill level 7 in Stealth
  2475 | Sewer    | Entered a sewer
  2549 | Sewer    | Noticed a kobold brigand
  2575 | Sewer    | Reached XP level 5. HP: 26/26 MP: 6/6
  2615 | Sewer    | Noticed a kobold brigand
  2672 | Sewer    | Succumbed to a kobold's poison

Illustrated notes

Levels and vault maps discovered:
D:1:      dpeg_arrival_morbid_curiosity, layout_basic
D:2:      wad_woods_tower, layout_loops_corners
D:3:      layout_loops_ring, zin_purify, nicolae_ru_awakened_eye,
          gup_sewer_entry_pipe
Sewer:    sewer_kobolds

Skill      XL: |  1  2  3  4 |
---------------+-------------+-----
Stealth        | 5 6 7 |  7.0
Short Blades   | 2 |  2.9
Fighting       | |  1.7
Throwing       | |  1.7
Dodging        | |  0.7

Action                     |  1- 3 |  4- 6 || total
---------------------------+-------+-------++-------
  Melee: Dagger            |    80 |   103 ||   183
         Bite              |    19 |    13 ||    32
         Punch             |       |     1 ||     1
  Throw: Dart              |       |    12 ||    12
   Stab: Sleeping          |    17 |    13 ||    30
 Armour: Robe              |    14 |    27 ||    41
  Dodge: Dodged            |    34 |    53 ||    87

Table legend: (Time is in decaauts)
 A = Elapsed time spent in this place.
 B = Non-inter-level travel time spent in this place.
 C = Inter-level travel time spent in this place.
 D = Time resting spent in this place.
 E = Time spent auto-exploring this place.
 F = Levels seen in this place.
 G = Mean time per level.
                   A        B        C        D        E       F      G
               +--------+--------+--------+--------+--------+-----+--------+
         Total |   2724 |   2580 |    144 |     46 |   1741 |   4 |  681.0 |
       Dungeon |   2461 |   2317 |    144 |     46 |   1698 |   3 |  820.3 |
         Sewer |    263 |    263 |      0 |      0 |     42 |   1 |  263.0 |
               +--------+--------+--------+--------+--------+-----+--------+

Top non-repeatable levels by time:
     D:1: 1315 daAuts
     D:2: 1031 daAuts
   Sewer: 263 daAuts
     D:3: 113 daAuts
